 Dungeon Crawl Stone Soup version 0.27.0-1-g7a089689b8 (webtiles) character file.

Game seed: 17863112909554735223

1779 fiver49 the Carver (level 9, 0/61 HPs)
             Began as a Formicid Warper on Aug 2, 2021.
             Was a Follower of Nemelex Xobeh.
             Slain by a killer bee (7 damage)
             ... on level 7 of the Dungeon.
             The game lasted 00:14:53 (8217 turns).

fiver49 the Carver (Formicid Warper)                Turns: 8217, Time: 00:14:53

Health: 0/61       AC: 11    Str: 19    XL:     9   Next: 29%
Magic:  12/12      EV:  7    Int: 13    God:    Nemelex Xobeh [*.....]
Gold:   187        SH:  7    Dex: 10    Spells: 12/12 levels left

rFire    . . .     SeeInvis +   a - +0 long sword
rCold    . . .     Faith    .   N - +0 kite shield
rNeg     . . .     Spirit   .   k - +0 scale mail
rPois    .         Reflect  .   (helmet unavailable)
rElec    .         Harm     .   o - +0 cloak
rCorr    .         Rampage  .   (no gloves)
Will     .....                  (no boots)
Stlth    ..........             t - amulet of regeneration
HPRegen  1.20/turn              L - +4 ring of protection
MPRegen  0.13/turn              C - +4 ring of slaying

@: lethally poisoned (0 -> -1)
A: permanent stasis, dig shafts and tunnels, antennae 3, four strong arms
a: Dig, Shaft Self, Renounce Religion, Draw Escape, Draw Destruction, Draw
Summoning


You were on level 7 of the Dungeon.
You worshipped Nemelex Xobeh.
Nemelex Xobeh was aware of your devotion.
You visited 2 branches of the dungeon, and saw 9 of its levels.

You collected 430 gold pieces.
You spent 243 gold pieces at shops.

Inventory:

Hand Weapons
 a - a +0 long sword (weapon)
Missiles
 d - 8 javelins
 i - a boomerang (quivered)
 A - 33 poisoned darts
 P - 2 throwing nets
Armour
 b - a +0 leather armour
 k - a +0 scale mail (worn)
 o - a +0 cloak (worn)
 N - a +0 kite shield (worn)
Jewellery
 t - an amulet of regeneration (around neck)
 v - a ring of protection from cold
 C - a +4 ring of slaying (right hand)
 H - a ring of protection from cold
 L - a +4 ring of protection (left hand)
Wands
 F - a wand of flame (12)
 O - a wand of paralysis (7)
Scrolls
 f - a scroll of summoning {unknown}
 j - a scroll of enchant armour {unknown}
 m - a scroll of immolation {unknown}
 p - 3 scrolls of vulnerability
 q - 5 scrolls of amnesia
 r - a scroll of identify
 u - 2 scrolls of torment {unknown}
 w - a scroll of enchant weapon {unknown}
 B - 3 scrolls of teleportation
 D - a scroll of blinking {unknown}
 E - 3 scrolls of noise {unknown}
 J - a scroll of holy word {unknown}
 K - a scroll of fog {unknown}
Potions
 e - 2 potions of curing
 g - 2 potions of mutation
 h - a potion of magic {unknown}
 s - a potion of attraction {unknown}
 z - 4 potions of heal wounds
 G - a potion of might {unknown}
 I - 2 potions of degeneration {unknown}
 M - a potion of ambrosia {unknown}


   Skills:
 - Level 2.1 Fighting
 - Level 2.0(7.4) Short Blades
 + Level 11.2 Long Blades
 - Level 1.0 Throwing
 - Level 1.1 Armour
 - Level 1.7 Dodging
 - Level 2.1 Spellcasting
 - Level 2.6 Translocations


You had 12 spell levels left.
You didn't know any spells.
Your spell library contained the following spells:

 Spells                   Type           Power      Damage    Failure   Level
 Foxfire                  Conj/Fire      4%         2x1d4     99%         1
 Sting                    Tmut/Pois      4%         1d3       99%         1
 Gell's Gravitas          Tloc           4%         N/A       99%         3
 Lesser Beckoning         Tloc           4%         N/A       99%         3
 Teleport Other           Tloc           8%         N/A       99%         3
 Corpse Rot               Necr/Air       N/A        N/A       100%        2
 Poisonous Vapours        Pois/Air       2%         N/A       100%        2
 Conjure Flame            Conj/Fire      1%         6-21      100%        3
 Inner Flame              Hex/Fire       1%         N/A       100%        3
 Olgreb's Toxic Radiance  Pois           1%         N/A       100%        4
 Freezing Cloud           Conj/Ice/Air   0%         6-21      100%        5
 Manifold Assault         Tloc           8%         N/A       100%        5
 Blink                    Tloc           Unusable   N/A       N/A         2

Dungeon Overview and Level Annotations

Branches:
Dungeon (8/15)             Temple (1/1) D:5
   Lair: D:8-11

Altars:
Dithmenos
Elyvilon
Fedhas
Gozag
Hepliaklqana
Kikubaaqudgha
Makhleb
Nemelex Xobeh
Okawaru
Qazlal
Ru
Sif Muna
Trog
Uskayaw
Wu Jian
Xom
Yredelemnul
Zin
The Shining One

Shops:
D:1 !   D:2 (   D:5 !   D:6 **

Annotations:
D:6 exclusion: door


Innate Abilities, Weirdness & Mutations

You cannot be hasted, slowed, berserked, paralysed or teleported.
You can dig through walls and to a lower floor.
You have a pair of large antennae on your head. (SInv)
Your four strong arms can wield two-handed weapons with a shield.


Message History

The killer bee is moderately wounded.
The killer bee stings you but does no damage.
You miss the killer bee.
The killer bee is moderately wounded.
The killer bee stings you.
You are poisoned.
The killer bee poisons you!
The killer bee stings you but does no damage.
You miss the killer bee.
The killer bee is moderately wounded.
You feel very sick. You block the killer bee's attack.
The killer bee barely misses you.
You riposte.
You slash the killer bee!
You kill the killer bee!
You miss the killer bee.
You feel sick. You block the killer bee's attack. The killer bee stings you.
* * * LOW HITPOINT WARNING * * *
You are more poisoned.
The killer bee poisons you!
The killer bee stings you but does no damage.
Your shield and scale mail prevent you from hitting the killer bee.
You feel very sick. The killer bee stings you.
* * * LOW HITPOINT WARNING * * *
You are lethally poisoned!
The killer bee poisons you!
The killer bee stings you but does no damage.
You feel better. You block the killer bee's attack.
The killer bee stings you but does no damage.
You slash the killer bee!
The killer bee is heavily wounded.
The killer bee barely misses you. The killer bee stings you!
* * * LOW HITPOINT WARNING * * *
You are poisoned.
The killer bee poisons you!
You hit the killer bee.
The killer bee is severely wounded.
You feel sick. The killer bee stings you!
You die...
Your body disappears without a glow.

#.######.##.....##.##
#.#...##.##...#.#....
#.#...........#.#....
#.#...##.##.#.#.#....
#........##.#.#.#....
####.######.###.#####
#.# #.###.....# #.#
#.#.#####.# #@#
#......##.# ##y##
##.......#.#
##...####..........#
#.<.....'.........+.
#####...####>........##
#.........###.......##
#.###.#.#.# ##......###
#.##.###..# #......#..
#.#.## ##.## #......#.#


You could see a killer bee.

Vanquished Creatures
  4 necrophages
  2 ice beasts
  A black bear (D:7)
  A centaur (D:7)
  A bullfrog (D:8)
  A wyvern zombie (D:7)
  A water moccasin zombie (D:6)
  9 killer bees
  4 wights
  A centaur zombie (D:7)
  A hound (D:6)
  An orc priest (D:7)
  A jelly (D:7)
  2 orc wizards (D:7)
  A killer bee zombie (D:8)
  A howler monkey skeleton (D:7)
  4 gnolls (D:7)
  3 adders
  A shadow imp (D:6)
  3 white imps
  2 adder skeletons (D:4)
  2 worms
  A dart slug (D:4)
  4 orcs
  6 bats
  6 endoplasms
  5 giant cockroaches
  7 goblins
  9 hobgoblins
  2 jackals
  A quokka (D:4)
  4 ball pythons
  3 frilled lizards (D:1)
  5 kobolds
  5 rats
105 creatures vanquished.

Vanquished Creatures (others)
  An orc wizard (D:6)
1 creature vanquished.

Grand Total: 106 creatures vanquished

Notes
Turn   | Place    | Note
-------+----------+-------------------------------------------
     0 | D:1      | fiver49 the Formicid Warper began the quest for the Orb.
     0 | D:1      | Reached XP level 1. HP: 16/16 MP: 3/3
    72 | D:1      | Found Gikiur's Distillery.
   236 | D:1      | Reached skill level 1 in Long Blades
   326 | D:1      | Reached XP level 2. HP: 22/22 MP: 5/5
   554 | D:1      | Bought a potion of curing for 33 gold pieces
   849 | D:2      | Reached skill level 2 in Long Blades
  1201 | D:2      | Reached XP level 3. HP: 27/27 MP: 6/6
  1230 | D:2      | Found Dohofako's Weapon Boutique.
  2333 | D:3      | Reached skill level 3 in Long Blades
  2395 | D:3      | Reached XP level 4. HP: 24/33 MP: 4/7
  2661 | D:3      | Found an ornate altar of the Wu Jian Council.
  2661 | D:3      | Found a bloodstained altar of Trog.
  2661 | D:3      | Found a blossoming altar of Fedhas.
  2663 | D:3      | Found an opulent altar of Gozag.
  2724 | D:3      | Found a sacrificial altar of Ru.
  2948 | D:3      | Found a faded altar of an unknown god.
  3327 | D:4      | Noticed a necrophage
  3393 | D:4      | Noticed a water moccasin
  3401 | D:3      | Reached skill level 4 in Long Blades
  3401 | D:3      | Reached XP level 5. HP: 14/38 MP: 5/8
  3800 | D:4      | Reached skill level 5 in Long Blades
  3805 | D:4      | You fall into a shaft and drop 2 floors!
  4017 | D:5      | Entered Level 5 of the Dungeon
  4017 | D:5      | Found Kowkel's Distillery.
  4020 | D:5      | Bought a potion of curing for 30 gold pieces
  4020 | D:5      | Bought a potion of heal wounds for 50 gold pieces
  4020 | D:5      | Bought a potion of heal wounds for 50 gold pieces
  4033 | D:5      | Reached XP level 6. HP: 6/44 MP: 3/9
  4097 | D:5      | Noticed a necrophage
  4212 | D:5      | Killed a necrophage
  4213 | D:5      | Reached skill level 6 in Long Blades
  4440 | D:4      | HP: 2/44 [poisoned by a killer bee]
  4924 | D:4      | Reached XP level 7. HP: 50/50 MP: 10/10
  5566 | D:4      | Reached skill level 7 in Long Blades
  5939 | D:5      | Found a staircase to the Ecumenical Temple.
  6096 | Temple   | Entered the Ecumenical Temple
  6160 | Temple   | Became a worshipper of Nemelex Xobeh the Trickster
  6288 | D:6      | Found a shimmering altar of Xom.
  6302 | D:6      | Found a glowing silver altar of Zin.
  6325 | D:6      | Found Usul's General Store.
  6327 | D:6      | Found Ijaastreo's Specific Store.
  6327 | D:6      | Found a hide-covered altar of Uskayaw.
  6342 | D:6      | Bought a scroll of identify for 20 gold pieces
  6342 | D:6      | Bought 2 potions of curing for 60 gold pieces
  6364 | D:6      | Reached skill level 8 in Long Blades
  6681 | D:6      | Reached XP level 8. HP: 55/56 MP: 11/11
  6730 | D:6      | Found a shimmering blue altar of Sif Muna.
  6880 | D:7      | Found an ancient bone altar of Kikubaaqudgha.
  6907 | D:7      | Reached skill level 9 in Long Blades
  7185 | D:7      | Reached * piety under Nemelex Xobeh
  7306 | D:7      | Received a gift from Nemelex Xobeh
  7598 | D:7      | Reached skill level 10 in Long Blades
  8071 | D:7      | Reached XP level 9. HP: 52/60 MP: 12/12
  8195 | D:7      | Reached skill level 11 in Long Blades
  8217 | D:7      | Slain by a killer bee

Illustrated notes

Levels and vault maps discovered:
D:1:      minmay_arrival_up_and_down, layout_loops_ring, serial_shops,
          shop_statue
D:2:      layout_loops_ring, serial_shops, shop
D:3:      layout_loops_cross, nicolae_ru_path_of_blood,
          chequers_temple_overflow_statue_of_worship,
          hellmonk_ecumenical_altar_crossroads
D:4:      layout_basic, mrwooster_statue_mirror
D:5:      layout_cave_pools, minmay_temple_entry_enclosed_plants, serial_shops,
          nicolae_stop_n_shop_2, chequers_garden, kennysheep_boxes
D:6:      layout_basic, nicolae_uskayaw_murder_on_the_dancefloor,
          mainiacjoe_overflow_tiny_flanked, xom_teletrap_fun, led_sif_book,
          nicolae_specific_store
D:7:      layout_loops_corners, nicolae_kikubaaqudgha_miasma_corner,
          serial_co_window_serial, co_window_corner_a, co_window_paths_a,
          co_window_paths_a, co_window_corner_a, co_window_paths_b,
          co_window_corner_a, co_window_paths_a, co_window_corner_b,
          co_window_cross_2, co_window_2corner, glass_columns_b,
          glass_columns_a, glass_columns_b, glass_columns_c
D:8:      layout_cave_pools, lemuel_doored_altar, slow_altar_1,
          erik_lair_orcish_takeover, special_room [special_room_orc],
          small_statue_intersection, uniq_prince_ribbit1
Temple:   jpeg_temple_island

Skill      XL: |  1  2  3  4  5  6  7  8  9 |
---------------+----------------------------+-----
Long Blades    | 1 2 3 4 5 6 8 10 11 | 11.2
Fighting       | |  2.1
Short Blades   | |  2.0
Throwing       | |  1.0
Armour         | |  1.1
Dodging        | |  1.7
Spellcasting   | |  2.1
Translocations | |  2.6

Action                   |  1- 3 |  4- 6 |  7- 9 || total
-------------------------+-------+-------+-------++-------
Melee: Short sword       |   107 |       |       ||   107
       Falchion          |    20 |    32 |       ||    52
       Long sword        |       |    62 |   190 ||   252
Throw: Javelin           |    25 |     2 |       ||    27
       Boomerang         |     5 |    40 |    54 ||    99
 Abil: Shaft Self        |       |     1 |       ||     1
       Dig               |       |     1 |       ||     1
  Use: Potion            |       |     2 |     2 ||     4
       Scroll            |       |       |     4 ||     4
Armor: Leather armour    |    18 |       |       ||    18
       Scale mail        |    29 |    40 |   110 ||   179
Dodge: Dodged            |    78 |    70 |    77 ||   225
Block: Kite shield       |       |       |    65 ||    65
       Rpst.: Falchion   |     4 |     4 |       ||     8
       Long sword        |       |    19 |    15 ||    34
